 Dungeon Crawl Stone Soup version 0.30.1 (webtiles) character file.

Game seed: 14173959906484035224

124 7w4c the Chopper (level 4, 0/55 HPs)
             Began as a Demonspawn Berserker on July 12, 2023.
             Was a Believer of Trog.
             Slain by a hobgoblin
             ... wielding a +0 club
              (4 damage)
             ... on level 3 of the Dungeon.
             The game lasted 00:06:41 (1424 turns).

7w4c the Chopper (Demonspawn Berserker)             Turns: 1424, Time: 00:06:41

Health: 0/55       AC:  5    Str: 20    XL:     4   Next: 81%
Magic:  4/4        EV: 12    Int:  8    God:    Trog [**....]
Gold:   98         SH:  0    Dex: 12    Spells: 3/3 levels left

rFire   . . .        a - +0 hand axe
rCold   . . .        (no shield)
rNeg    . . .        e - +0 leather armour
rPois   .            (no helmet)
rElec   .            (no cloak)
rCorr   .            (no gloves)
SInv    .            (no boots)
Will    .....        (no amulet) Stlth
                     (no ring)
HPRegen 0.29/turn    (no ring)
MPRegen 0.09/turn

%: no passive effects
@: berserking (expiring), lethally poisoned (0 -> 0), very quick
A: molten scales 1, demonic guardian 1
a: Renounce Religion, Berserk, Trog's Hand


You were on level 3 of the Dungeon.
You worshipped Trog.
Trog was pleased with you.
You visited 1 branch of the dungeon, and saw 3 of its levels.

You collected 98 gold pieces.

Inventory:

Hand Weapons
 a - a +0 hand axe (weapon)
Armour
 e - a +0 leather armour (worn)
Scrolls
 b - 4 scrolls of identify {unknown}
 c - a scroll of noise {unknown}
Potions
 d - a potion of brilliance {unknown}
 f - a potion of heal wounds {unknown}
 g - 2 potions of attraction {unknown}
 h - 2 potions of curing {unknown}


   Skills:
 + Level 3.8 Fighting
 + Level 4.1 Axes
 + Level 2.1 Armour
 + Level 2.2 Dodging
 + Level 0.2 Stealth


You had 3 spell levels left.
You didn't know any spells.
Your spell library contained the following spells:

 Spells                   Type           Power      Damage    Failure   Level
 Sublimation of Blood     Necr           0%         N/A       58%         2
 Petrify                  Tmut/Erth      0%         N/A       99%         4
 Irradiate                Conj/Tmut      0%         3d11      100%        5


Dungeon Overview and Level Annotations

Branches:
Dungeon (3/15)

Altars:


Innate Abilities, Weirdness & Mutations

You are partially covered in molten scales. (AC +2)
A weak demonic guardian rushes to your aid.


Message History

You kill the kobold!
Trog accepts your kill.
You feel sick.
The kobold brigand hits you with a +0 club.
* * * LOW HITPOINT WARNING * * *
A demonic guardian appears!
The kobold hits your ufetubus with a +0 dagger.
Your Axes skill increases to level 4!
Your Armour skill increases to level 2!
You have reached level 4!
You feel stronger.
Your demonic ancestry asserts itself...
Molten scales grow over part of your body.
You hit the kobold.
You kill the kobold!
Trog accepts your kill.
You can now call upon Trog for regeneration and willpower.
You hit the kobold brigand.
A kobold comes into view. It is wielding a +0 club.
The kobold brigand hits you with a +0 club.
* * * LOW HITPOINT WARNING * * *
The kobold hits your ufetubus with a +0 dagger.
Your ufetubus hits the kobold.
The kobold dies!
Trog accepts your kill.
A kobold comes into view. It is wielding a +0 club.
You feel sick.
The kobold shouts! x2
Your ufetubus hits the kobold brigand.
Your ufetubus closely misses the kobold brigand.
Items here: ))) ††.
You slash the kobold!
You kill the kobold!
Trog accepts your kill.
You feel sick.
Your ufetubus barely misses the kobold brigand. x2
Unknown command.
You closely miss the hobgoblin. You closely miss the kobold brigand.
You feel sick.
Your ufetubus hits the kobold brigand.
Your ufetubus hits the kobold brigand but does no damage.
The hobgoblin hits you with a +0 club.
You die...

#.# #....# #.#
##...##..# #.#
##..~#.K# #.#
##.~#..# #.#
##~~#.K# #.#
######~~~#K.## #.#
#.....~~≈##..#
##.###..#.#~~≈≈#gg#
...##.>.#.#~≈≈##@.#
.....#<...#~~~#.K##
#...###.####~##.5#
#.)#.#....#<~#.)##
#..##...#.#..#..
#..###..#.#..#!$
#..# #..#....#$[
#..# #..##.#.#####
#..###...#.#.# #.#


You could see a kobold brigand (distracted, ally target), 2 hobgoblins, 3
kobolds and a friendly ufetubus (summoned).

Vanquished Creatures
  A kobold brigand (D:3)
  2 adders (D:2)
  A worm (D:2)
  2 orcs (D:3)
  2 endoplasms (D:2)
  4 giant cockroaches (D:2)
  2 goblins
  2 hobgoblins
  A quokka (D:2)
  A bat (D:3)
  A frilled lizard (D:2)
  7 kobolds
  A rat (D:2)
27 creatures vanquished.

Vanquished Creatures (collateral kills)
  An endoplasm (D:2)
  2 kobolds
3 creatures vanquished.

Grand Total: 30 creatures vanquished

Notes
Turn   | Place    | Note
-------+----------+-------------------------------------------
     0 | D:1      | 7w4c the Demonspawn Berserker began the quest for the Orb.
     0 | D:1      | Reached XP level 1. HP: 18/18 MP: 1/1
   151 | D:1      | You fall into a shaft and drop 1 floor!
   554 | D:2      | Gained mutation: A weak demonic guardian rushes to your
                  | aid. [demonic ancestry]
   554 | D:2      | Reached XP level 2. HP: 24/24 MP: 2/2
   677 | D:2      | Reached skill level 3 in Axes
   761 | D:2      | Reached XP level 3. HP: 29/29 MP: 3/3
  1102 | D:2      | Found a faded altar of an unknown god.
  1415 | D:3      | Noticed a kobold brigand
  1415 | D:3      | Noticed a kobold brigand
  1420 | D:3      | Killed a kobold brigand
  1421 | D:3      | Reached skill level 4 in Axes
  1421 | D:3      | Gained mutation: You are partially covered in molten
                  | scales. (AC +2) [demonic ancestry]
  1421 | D:3      | Reached XP level 4. HP: 10/37 MP: 4/4
  1421 | D:3      | Reached ** piety under Trog
  1424 | D:3      | Slain by a hobgoblin

Illustrated notes

Levels and vault maps discovered:
D:1:      wander_arrival_fairy_ring, layout_basic
D:2:      layout_basic, dilly_ecumenical_altar_fadedgnrine
D:3:      cheibrodos_thug_alley, layout_loops_ring

Skill      XL: |  1  2  3 |
---------------+----------+-----
Axes           | 3 4 |  4.1
Dodging        | 2 |  2.2
Armour         | 2 |  2.1
Fighting       | |  3.8
Stealth        | |  0.2

Action                     |  1- 3 |  4- 6 || total
---------------------------+-------+-------++-------
  Melee: Hand axe          |    98 |     3 ||   101
 Invoke: Berserk           |     1 |       ||     1
 Armour: Animal skin       |     1 |       ||     1
         Leather armour    |    23 |       ||    23
  Dodge: Dodged            |    61 |       ||    61
